Cogmind - Beta 14 *** ADVENTURER MODE // 2024.12.22 @ 20:16:05 Player: x1b Result: Destroyed by P-60 Hacker with Shock Rifle Performance ------------- Evolutions (3) 1500 Regions Visited (4) 800 Robots Destroyed (48) 240 Value Destroyed (1309) 1309 Prototype IDs (4) 80 Alien Tech Used (0) 0 Bonus (0) 0 TOTAL SCORE: 3929 Bonus ------- None Cogmind --------- Core Integrity 0/700 Matter 300/300 Energy 100/100 System Corruption 26% Temperature Cool (0) Movement Core (50) Location -7/Factory Parts ------- > --- POWER (1) -------- (None) > --- PROPULSION (4) --- (None) > --- UTILITY (4) ------ (None) > --- WEAPON (4) ------- (None) > --- INVENTORY (5) ---- Titanium Leg Medium Storage Unit Advanced Terrain Scan Processor Core Analyzer Improved Assault Rifle Peak State ------------ > --- POWER ------------ (None) > --- PROPULSION ------- Armored Treads Carbon-fiber Leg Titanium Leg Titanium Leg > --- UTILITY ---------- Huge Storage Unit Medium Matter Pod Improved Weapon Shielding Layered Light Armor Plating > --- WEAPON ----------- Pulse Rifle Rocket Launcher > --- INVENTORY -------- Hover Unit Medium Storage Unit Medium Storage Unit Advanced Terrain Scan Processor Core Analyzer Particle Gun Advanced Beam Rifle Improved Assault Rifle [Rating: 28] Favorites ----------- Power Light Ion Engine Engine Light Ion Engine Propulsion Aluminum Leg Treads Armored Treads Leg Aluminum Leg Wheel Wheel Hover Unit Hover Unit Utility Medium Matter Pod Device Hardlight Generator Storage Medium Matter Pod Processor Visual Processing Unit Protection Improved Propulsion Shielding Weapon Pulse Rifle Energy Gun Pulse Rifle Ballistic Gun Improved Assault Rifle Ballistic Cannon Light Cannon Launcher Rocket Launcher Build | -11 -10 -9 -8 -7 ------- Run | Yrd Mat Mat Mat Fac Slots Evolved 6 | . . 2 2 2 Power . | . . . . . Propulsion 2 | . . 2 . . Utility 2 | . . . 2 . Weapon 2 | . . . . 2 Parts Attached 45 | 5 2 19 16 3 Power 4 | 1 . 3 . . Engine 4 | 1 . 3 . . Core . | . . . . . Reactor . | . . . . . Propulsion 15 | 2 . 7 5 1 Treads 2 | . . . 2 . Leg 9 | 2 . 3 3 1 Wheel 1 | . . 1 . . Hover 3 | . . 3 . . Flight . | . . . . . Utility 8 | . 2 1 3 2 Device 1 | . . . 1 . Storage 3 | . 1 1 1 . Processor 1 | . 1 . . . Hackware . | . . . . . Protection 3 | . . . 1 2 Artifact . | . . . . . Weapon 18 | 2 . 8 8 . Energy Gun 11 | 2 . 3 6 . Energy Cannon . | . . . . . Ballistic Gun 2 | . . 2 . . Ballistic Cannon 3 | . . 2 1 . Launcher 2 | . . 1 1 . Special Weapon . | . . . . . Impact Weapon . | . . . . . Slashing Weapon . | . . . . . Piercing Weapon . | . . . . . Special Melee Weapon . | . . . . . Unidentified Prototypes 4 | . . 3 1 . Corrupted Parts 1 | . . 1 . . System Corruption 5 | . . 5 . . Parts Lost 17 | . . 4 6 7 Power 2 | . . 1 1 . Propulsion 5 | . . 2 . 3 Utility 5 | . . . 2 3 Weapon 5 | . . 1 3 1 Highest Loss Streak 6 | . . 1 2 6 To Critical Strikes . | . . . . . Average Slot Usage (%) 61 | . 91 60 58 57 Engine 5 | . 14 9 2 . Treads 5 | . . . 13 5 Leg 11 | . 28 9 2 18 Hover 1 | . . 3 . . Device 1 | . . . 4 . Storage 17 | . 13 20 18 13 Protection 2 | . . . 4 6 Energy Gun 9 | . 28 9 8 5 Ballistic Gun 1 | . . 2 2 . Ballistic Cannon 1 | . . 2 . . Launcher 2 | . . . 1 5 Peak Build Rating 28 | 5 8 11 20 28 Average Rating 12 | 3 6 8 13 20 On Entrance 7 | . 5 8 8 18 Naked Turns 27 | . . . . 27 Heaviest Build 95 | 7 9 28 95 95 Greatest Support 49 | 20 20 30 40 49 Greatest Overweight (x) 27 | . . 9 3 27 Average Overweight (x) 1 | . . 1 1 1 Largest Inventory Capacity 25 | 5 5 10 25 25 Average Capacity 15 | 5 5 9 18 24 Most Carried 10 | 3 5 10 8 9 Average Carried 6 | . 3 6 5 8 Final Capacity 25 | 5 5 10 25 5 Final Carried 6 | 3 4 6 6 5 Class Distribution -------------------- 100% | Mutant Dominant Class ---------------- Mutant | -10/Materials Mutant | -9/Materials Mutant | -8/Materials Mutant | -7/Factory Resources | -11 -10 -9 -8 -7 ----------- Run | Yrd Mat Mat Mat Fac Matter Collected 955 | 245 120 316 241 33 Remotely . | . . . . . Salvage Created 1571 | 36 69 985 381 100 Parts 100 | 4 6 55 25 10 Haulers Intercepted . | . . . . . Recyclers Shooed 2 | . . 2 . . Parts Field Recycled . | . . . . . Retrieved Matter . | . . . . . Parts Self-Destructed . | . . . . . Prevented . | . . . . . Kills | -11 -10 -9 -8 -7 ------- Run | Yrd Mat Mat Mat Fac Combat Hostiles Destroyed 34 | 1 1 15 15 2 Guns 24 | 1 1 10 11 1 Cannons 6 | . . 2 4 . AOE 3 | . . 2 . 1 Classes Destroyed 10 | 1 1 5 1 2 Worker 3 | . . 2 . 1 Builder 1 | . . 1 . . Recycler 3 | . . 3 . . Watcher 7 | . 1 4 1 1 Swarmer 9 | . . 1 8 . Grunt 16 | 1 1 10 4 . Brawler 1 | . . . 1 . Sentry 6 | . . 4 2 . Hunter 1 | . . . . 1 Programmer 1 | . . . . 1 Best Kill Streak 7 | 1 1 7 3 3 Combat Bots Only 5 | 1 1 5 3 1 Max Kills in Single Turn 3 | 1 1 3 2 1 Gunslinging 1 | . . 1 1 . Exploded 1 | . . 1 . 1 Melee . | . . . . . Uniques/NPCs Destroyed . | . . . . . Combat | -11 -10 -9 -8 -7 -------- Run | Yrd Mat Mat Mat Fac Hostile Shots Fired 482 | 4 6 76 196 200 Missed 144 | 2 1 22 64 55 Damage Taken 3631 | 17 51 602 1196 1765 Core 1139 | . 8 158 268 705 Absorbed by Shields 16 | . . . 16 . Redirected to Shielding 204 | . . . 102 102 Ignored by Resistances 1068 | 6 14 174 364 510 Core Remaining (%) 76 | 100 96 60 51 . Volleys Fired 132 | 2 5 52 67 6 Largest 2 | 2 2 2 2 2 Hottest 119 | 80 80 105 119 96 Shots Fired 187 | 4 10 78 84 11 Gun 129 | 4 10 52 57 6 Cannon 47 | . . 20 27 . Launcher 11 | . . 6 . 5 Special . | . . . . . Kinetic 70 | . . 30 40 . Thermal 72 | . . 23 43 6 Explosive 5 | . . . . 5 Electromagnetic 40 | 4 10 25 1 . Robot Hit Streak 20 | 2 6 9 20 14 Robot Miss Streak 3 | 1 3 3 2 . Penetration Max . | . . . . . Secondary Targets 3 | . . 1 2 . Max Gunslinging Chain 1 | . . 1 1 . Shots Hit Robots 138 | 2 6 53 67 10 Core Hits 69 | 1 3 32 26 7 Critical Kills 1 | . . 1 . . Critical Parts Destroyed . | . . . . . Critical Strikes 10 | . . 4 5 1 Burn 8 | . . 3 4 1 Destroy 1 | . . 1 . . Blast 1 | . . . 1 . Melee Attacks . | . . . . . Impact . | . . . . . Slashing . | . . . . . Piercing . | . . . . . Sneak Attacks . | . . . . . Combat Hostiles . | . . . . . Follow-up Attacks . | . . . . . Damage Inflicted 2686 | 34 104 1059 1117 372 Guns 1523 | 30 96 546 736 115 Cannons 581 | . . 200 381 . Explosions 526 | . . 287 . 239 Melee . | . . . . . Ramming 56 | 4 8 26 . 18 Kinetic 825 | . . 293 532 . Thermal 992 | . . 304 573 115 Explosive 239 | . . . . 239 Electromagnetic 574 | 30 96 436 12 . Impact . | . . . . . Slashing . | . . . . . Piercing . | . . . . . Highest Corruption 26 | . . 5 . 26 Average Corruption 8 | . . 5 . 14 Corruption Purged . | . . . . . Corruption Blocked . | . . . . . Effects 29 | . . 17 . 12 Message Errors 5 | . . 3 . 2 Matter Fused 2 | . . 2 . . Heat Flow Errors 6 | . . 5 . 1 Energy Discharges 3 | . . 1 . 2 Parts Rejected 3 | . . 1 . 2 Parts Fused 1 | . . 1 . . Data Loss (minor) 3 | . . 1 . 2 Data Loss (major) 1 | . . 1 . . Misfires 1 | . . 1 . . Alerts 2 | . . 1 . 1 Misdirections 1 | . . . . 1 Weapon Failures 1 | . . . . 1 Overload Shots . | . . . . . Overflow Damage 32 | . . 21 . 11 Projectiles 6 | . . 6 . . Explosions 26 | . . 15 . 11 Melee . | . . . . . Knockbacks 10 | . . 4 6 . Impact . | . . . . . Kinetic 9 | . . 4 5 . Secondary 1 | . . . 1 . Self-Inflicted Damage 116 | . . 61 . 55 Shots 7 | . . 5 . 2 Rammed 5 | . . 5 . . Targets Rammed 10 | 1 1 6 . 2 Kicked 5 | 1 1 1 . 2 Crushed . | . . . . . Highest Temperature 232 | 42 48 232 165 107 Average Temperature 48 | 23 22 56 41 23 Received Heat Transfer 934 | 12 39 369 514 . Siege Activations . | . . . . . Robots Corrupted . | . . . . . Combat Hostiles . | . . . . . Parts Fried . | . . . . . Impact Corruptions . | . . . . . Robots Melted 1 | . . 1 . . Combat Hostiles 1 | . . 1 . . Parts Melted 5 | . . 4 1 . Heat Transferred 2775 | . . 888 1591 296 Parts Sabotaged . | . . . . . Parts Stolen . | . . . . . Parts Stripped . | . . . . . Power Chain Reactions 1 | . . 1 . . Alert | -11 -10 -9 -8 -7 ------- Run | Yrd Mat Mat Mat Fac Peak Influence 233 | 20 68 203 233 93 Initial 52 | . 11 24 52 42 Average 58 | 2 27 63 77 46 Maximum Alert Level 1 | . . 1 1 . Low Security (%) 98 | 100 100 98 96 100 Level 1 1 | . . 1 3 . Level 2 . | . . . . . Level 3 . | . . . . . Level 4 . | . . . . . Level 5 . | . . . . . High Security . | . . . . . Max Security . | . . . . . Squads Dispatched 7 | . . 3 1 3 Investigation . | . . . . . Extermination 2 | . . . . 2 Reinforcement 5 | . . 3 1 1 Assault . | . . . . . Garrison . | . . . . . Intercept . | . . . . . Searches Triggered . | . . . . . Construction Impeded 1 | . . . . 1 Haulers Reinforced . | . . . . . Active Scanning Responses . | . . . . . Cargo Convoy Interrupts . | . . . . . Stealth | -11 -10 -9 -8 -7 --------- Run | Yrd Mat Mat Mat Fac Distress Signals 3 | . . 2 . 1 Communications Jammed . | . . . . . Distress Signals . | . . . . . Times Spotted 54 | 1 3 22 24 4 Peak Tracking Total 7 | 1 2 5 7 1 Tactical Retreats 1 | . . 1 . . Traps | -11 -10 -9 -8 -7 ------- Run | Yrd Mat Mat Mat Fac Traps Triggered 5 | . . 5 . . Indirectly . | . . . . . Trap Hack Attempts . | . . . . . Triggered . | . . . . . Disarmed . | . . . . . Reprogrammed . | . . . . . Reused . | . . . . . Traps Extracted . | . . . . . Installed . | . . . . . Triggered . | . . . . . Machines | -11 -10 -9 -8 -7 ---------- Run | Yrd Mat Mat Mat Fac Machines Disabled 3 | . . 1 2 . Max in Single Turn 1 | . . 1 1 . Machines Repaired . | . . . . . Machines Dismantled . | . . . . . Machines Sabotaged . | . . . . . Overloaded Fab Kills . | . . . . . Hacking | -11 -10 -9 -8 -7 --------- Run | Yrd Mat Mat Mat Fac Machines Accessed 4 | . 1 3 . . Terminals 3 | . 1 2 . . Fabricators . | . . . . . Repair Stations . | . . . . . Recycling Units . | . . . . . Scanalyzers 1 | . . 1 . . Garrison Access . | . . . . . Total Hacks 12 | . 3 9 . . Successful 9 | . 3 6 . . Failed 3 | . . 3 . . Catastrophic . | . . . . . Database Lockouts . | . . . . . Manual 1 | . . 1 . . Terminals 9 | . 3 6 . . Fabricators . | . . . . . Repair Stations . | . . . . . Recycling Units . | . . . . . Scanalyzers 3 | . . 3 . . Garrison Access . | . . . . . Terminal Hacks 6 | . 3 3 . . Record 6 | . 3 3 . . Fabricator Hacks . | . . . . . Repair Station Hacks . | . . . . . Recycling Unit Hacks . | . . . . . Scanalyzer 3 | . . 3 . . Insert Component 1 | . . 1 . . Analyze 2 | . . 2 . . Garrison Access Hacks . | . . . . . Unauthorized Hacks . | . . . . . Terminals . | . . . . . Fabricators . | . . . . . Repair Stations . | . . . . . Recycling Units . | . . . . . Scanalyzers . | . . . . . Garrison Access . | . . . . . Data Cores Recovered . | . . . . . Used . | . . . . . Hacking Detections 3 | . 1 2 . . Full Trace Events . | . . . . . Feedback Events . | . . . . . Feedback Blocked . | . . . . . Robot Schematics Acquired . | . . . . . Robots Built . | . . . . . Authchips . | . . . . . Time . | . . . . . Total Robot Build Rating . | . . . . . Part Schematics Acquired 1 | . . 1 . . Parts Built . | . . . . . Authchips . | . . . . . Time . | . . . . . Total Part Build Rating . | . . . . . Parts Repaired . | . . . . . Time . | . . . . . Parts Recycled . | . . . . . Recycled Matter . | . . . . . Retrieved Matter . | . . . . . Retrieved Components . | . . . . . Parts Scanalyzed 1 | . . 1 . . Part Schematics Acquired 1 | . . 1 . . Parts Damaged . | . . . . . Bothacking | -11 -10 -9 -8 -7 ------------ Run | Yrd Mat Mat Mat Fac Used RIF Installer . | . . . . . Robots Hacked . | . . . . . Non-combat . | . . . . . Combat . | . . . . . Robot Hacks Applied . | . . . . . Relay Couplers Released . | . . . . . Fabnet Peak Effective % . | . . . . . Robots Rewired . | . . . . . Allies Hacked . | . . . . . Hacks Repelled . | . . . . . Allies | -11 -10 -9 -8 -7 -------- Run | Yrd Mat Mat Mat Fac Total Allies . | . . . . . Largest Group . | . . . . . Highest-Rated Group . | . . . . . Highest-Rated Ally . | . . . . . Total Orders . | . . . . . Ally Attacks . | . . . . . Total Damage . | . . . . . Kills . | . . . . . Allies Corrupted . | . . . . . Allies Melted . | . . . . . Intel | -11 -10 -9 -8 -7 ------- Run | Yrd Mat Mat Mat Fac Robot Analysis Total . | . . . . . Derelict Logs Recovered . | . . . . . Drone Launches . | . . . . . Drone Recoveries . | . . . . . Exploration | -11 -10 -9 -8 -7 ------------- Run | Yrd Mat Mat Mat Fac Turns Passed 3860 | 112 257 1438 1092 961 Spaces Moved 1760 | 91 193 672 357 447 Core 181 | 21 . 100 . 60 Treads 257 | . . . 257 . Legs 1099 | 70 193 395 54 387 Wheels 3 | . . 3 . . Hover 220 | . . 174 46 . Flight . | . . . . . Fastest Speed 50 | 50 120 95 165 50 Average Speed 194 | 103 120 187 253 206 Slowest Speed 1400 | 120 120 500 325 1400 Overloaded Moves . | . . . . . Propulsion Burnouts . | . . . . . Robots Hopped . | . . . . . Cave-ins Triggered . | . . . . . Exploration Rate (%) 22 | 9 24 46 24 10 Regions Visited 4 Branch Regions . Pre-discovered Areas . | . . . . . Known Exits Taken . | . . . . . Unknown Exits Taken 4 | 1 1 1 1 . Scrap Searched . | . . . . . Spaces Dug . | . . . . . Terrain Destroyed 19 | . . 6 . 13 Melee . | . . . . . Projectile . | . . . . . AOE 19 | . . 6 . 13 Terrain Rammed . | . . . . . Walls Destroyed . | . . . . . Machines Disabled . | . . . . . Actions | -11 -10 -9 -8 -7 --------- Run | Yrd Mat Mat Mat Fac Total 1999 | 102 209 761 456 471 Wait 19 | . . . 10 9 Move 1756 | 90 192 671 356 447 Hop . | . . . . . Pick Up 29 | 4 5 12 5 3 Fast Attach 17 | 4 2 5 4 2 Attach 18 | 1 . 10 7 . Detach 1 | . . . 1 . Swap 10 | . . 4 5 1 Drop 7 | . 4 1 1 1 Fire 132 | 2 5 52 67 6 Melee . | . . . . . Ram 5 | . . 5 . . Kick 5 | 1 1 1 . 2 Crush . | . . . . . Escape Stasis . | . . . . . Rewire . | . . . . . Trap . | . . . . . Miscellaneous . | . . . . . Route ------- -11/Scrapyard -10/Materials (discovered 2 exits: *Mat / [*Min]) -9/Materials (discovered 2 exits: [*Mat] / [*Min]) -8/Materials -7/Factory History --------- Turn | Location | Event 2 | -11/Scrapyard | Met Revision 17 85 | -11/Scrapyard | Discovered new exit (range 8) 113 | -11/Scrapyard | Entered Materials 228 | -10/Materials | Discovered new exit (range 10) 315 | -10/Materials | Build established: Mutant 315 | -10/Materials | Discovered new exit (range 5) 370 | -10/Materials | Entered another Materials area 370 | -9/Materials | Evolved 2 slots: Propulsion x2 815 | -9/Materials | Discovered new exit (range 9) 1529 | -9/Materials | Discovered new exit (range 11) 1808 | -9/Materials | Entered another Materials area 1808 | -8/Materials | Evolved 2 slots: Utility x2 2808 | -8/Materials | Discovered new exit (range 9) 2900 | -8/Materials | Entered Factory 2900 | -7/Factory | Evolved 2 slots: Weapon x2 3645 | -7/Factory | System corruption reached 10% 3763 | -7/Factory | Lost 6 parts (2n3u1w) 3786 | -7/Factory | Core integrity fell below 50% 3820 | -7/Factory | Core integrity fell below 20% 3861 | -7/Factory | Destroyed by P-60 Hacker with Shock Rifle Last Messages --------------- System corrupted: IFF burst signal emitted. Lyr. Light Armor Plating destroyed. Door malfunctions. Carbon-fiber Leg destroyed. System corrupted: Component data lost. Titanium Leg destroyed. Med. Matter Pod destroyed. DGM3B7K Q%S/WPL7OTQ8FLADE:Z: Repair Station disabled. Backup Laser I tumbles out of repair station. System corrupted: Energy discharge (-28). Backup Power I tumbles out of repair station. Backup Laser I tumbles out of repair station. Backup Power I tumbles out of repair station. System corrupted: Energy discharge (-20). System corrupted: Heat flow error (+141). Dropped Huge Storage Unit. Terminal disabled. R-06 Scavenger collects Titanium Leg. Z|JE3<|JT4R4P|NQ6UFEO862>J Map ----- +----------------------------------------------------+ | ????????????????????????????# # | | ????????????????????????????# # | | ????????????????????????????############## | | ????????????????????????????????????????## | | ????????????????????????????????????????## | | ??????????????????????????????????????######/#### | | ??????????????????????????????????????# # | | ??????????????????????????????????????# # | | ??????????????????????????????????????# # | | ??????????????????????????????????????# # | | ??????????????????????????????????????########### | | ?????????????????????????????########### """"" # | | ?????????????????????????????# # ""T"" # | | ?????????????????????????????# # # | | ?????????????????????????????# # | | ?????????????????????????????# # | | ?????????????????????????????# # """ | | ?????????????????????????????# # """ # | | ?????????????????????????????# # """ # | | ?????????????????????????????# # # | | ????????????????????##################/########## | | ????????????????????# a | | ????????????????????# | | ????????????????????# !!! !! | | ????????????????????# p !! !! | | ????????????????????# @ k !! ! | | ????????????????????# t #####+########## | | ????????????????????# # # # """ "" | | ?????????????????? # # # """ "" | | ???????????????? # # # """ "" | | ??????????????? # # + | | ????????????? u # # # """ "" | | ???????????? # # # """ "" | | ?????????????# # # # """ "" | | ?????????????# # # # * | | ?????????????? #= # % # * "" "" | | ?????????????? ########## !# ["R "" | | ???????????????? ?????????# =!+ " " "" | | ?????????????????? ?????????# [[# [ | | ????????????????????? ?????????####### | | ??????????????????????? ????????????####+#+#+### | | ??????????????????????????????????????# | | ??????????????????????????????????????# | | ??????????????????????????????????????# | | ??????????????????????????????????????# | | ??????????????????????????????????????# | | ??????????????????????????????????????# | | ??????????????????????????????????????# | | ??????????????????????????????????????# | | ??????????????????????????????????????# ! | +----------------------------------------------------+ Best States ------------- Heat Dissipation 34 Energy Generation 12 Energy Capacity 265 Matter Stores 400 Matter Capacity 400 Sight Range 18 Terrain Scan Density 10 Armor Coverage 150 Resistance: KI 20 Resistance: TH 20 Resistance: EX 20 Resistance: EM 20 Resistance: I 20 Resistance: S 20 Resistance: P 20 Propulsion Shielding 66 Weapon Shielding 66 Evasion (%) 55 Recoil Reduction 2 Offensive Hacking 10 Item Schematics ----------------- Aluminum Leg | -9/Materials | Scanalyzed Robot Schematics ------------------ None Fabricated ------------ Nothing Alien Tech Used ----------------- None Achievements -------------- It's Just You Made in Tau Ceti IV Risk Taker System Compromised Challenges ------------ None Game ------ Seed MiniBiomechanicalThrower Manual? 0 Play Time 00:34:17 Cumulative 0.8 hours Start 2024.12.22 @ 19:45:01 End 2024.12.22 @ 20:16:05 Sessions 1 Manual Loads 0 Difficulty Adventurer Special Mode None Game No. 2 Rogue 0 Adventurer 2 Explorer 0 Win Type - Total 0 Types 0/0/0/0/0/0/0/0/0 Lore% 0 Gallery% 3 Achievement% 4 Wizard Run 0 Options --------- Layout 1 ASCII 0 Keyboard 0 Movement Arrows Keybinds 0 Fullscreen 1 Font 24/Smallcaps Map View 50x35 Zoom Use 0% Tactical HUD 0 Map Filters NONE Filters NONE Steam 1 RUN: 492d09c9-a6fa-4154-b214-7e503e08ceab